 Dungeon Crawl Stone Soup version 0.30-a0-830-gfe289a77b0 (webtiles) character file.

Game seed: 12315209911655082275

332 Ghostmaker01 the Covered (level 6, -4/53 HPs)
             Began as a Minotaur Fighter on Feb 28, 2023.
             Was an Initiate of Yredelemnul.
             Killed by divine providence
             ... invoked by an orc priest
              (11 damage)
             ... on level 4 of the Dungeon.
             The game lasted 00:13:33 (3038 turns).

Ghostmaker01 the Covered (Minotaur Fighter)         Turns: 3038, Time: 00:13:33

Health: -4/53      AC: 12    Str: 23    XL:     6   Next: 26%
Magic:  5/5        EV:  6    Int:  5    God:    Yredelemnul [......]
Gold:   196        SH:  4    Dex:  9    Spells: 5/5 levels left

rFire   + . .      SeeInvis .    y - +1 mace (heavy)
rCold   . . .      Faith    .    c - +0 buckler
rNeg    . . .      Spirit   .    n - +0 plate armour
rPois   .          Reflect  .    (helmet restricted)
rElec   .          Harm     .    (no cloak)
rCorr   .          Rampage  .    (no gloves)
Will    .....                    (no boots) Stlth
                                 (no amulet)
HPRegen 0.28/turn                e - ring of protection from cold
MPRegen 0.09/turn                r - ring of fire

@: mighty, lethally poisoned (-4 -> -10), hasted, very quick
A: horns 2, retaliatory headbutt
a: Renounce Religion, Recall Undead Harvest


You were on level 4 of the Dungeon.
You worshipped Yredelemnul.
Yredelemnul was noncommittal.
You visited 2 branches of the dungeon, and saw 5 of its levels.

You collected 196 gold pieces.

Inventory:

Hand Weapons
 a - a +0 war axe
 y - a +1 heavy mace (weapon)
Missiles
 z - 2 javelins (quivered)
Armour
 b - a +0 scale mail
 c - a +0 buckler (worn)
 n - a +0 plate armour (worn)
Jewellery
 e - a ring of protection from cold (left hand)
 r - a ring of fire (right hand)
 s - a ring of protection from cold
 u - a ring of wizardry
 v - an amulet of faith
 C - an amulet of guardian spirit
Wands
 B - a wand of roots (9)
Scrolls
 f - 2 scrolls of enchant armour {unknown}
 h - 5 scrolls of identify {unknown}
 l - a scroll of torment {unknown}
 m - a scroll of fear {unknown}
 p - 3 scrolls of fog {unknown}
 q - a scroll of teleportation {unknown}
 t - a scroll of summoning {unknown}
 w - a scroll of enchant weapon {unknown}
Potions
 d - a potion of might
 i - 2 potions of ambrosia {unknown}
 j - 3 potions of attraction {unknown}
 k - a potion of cancellation {unknown}
 o - 2 potions of heal wounds {unknown}
 x - a potion of lignification {unknown}
 A - a potion of invisibility {unknown}


   Skills:
 * Level 4.4 Fighting
 - Level 3.9(4.4) Axes
 * Level 2.8(3.8) Maces & Flails
 * Level 0.7 Throwing
 * Level 5.5 Armour
 + Level 1.1 Dodging
 * Level 4.8 Shields


You had 5 spell levels left.
You didn't know any spells.
Your spell library contained the following spells:

 Spells                   Type           Power      Damage    Failure   Level
 Apportation              Tloc           0%         N/A       100%        1
 Necrotise                Necr           0%         1d4       100%        1
 Summon Small Mammal      Summ           0%         N/A       100%        1
 Hailstorm                Conj/Ice       0%         3d3       100%        3
 Ice Form                 Ice/Tmut       0%         N/A       100%        4
 Simulacrum               Ice/Necr       Unusable   N/A       N/A         6

Dungeon Overview and Level Annotations

Branches:
Dungeon (4/15)             Temple (1/1) D:4

Altars:
Ashenzari
Cheibriados
Dithmenos
Elyvilon
Fedhas
Hepliaklqana
Kikubaaqudgha
Makhleb
Nemelex Xobeh
Okawaru
Qazlal
Ru
Trog
Uskayaw
Vehumet
Wu Jian
Xom
Yredelemnul
Zin
The Shining One


Innate Abilities, Weirdness & Mutations

You have a pair of horns on your head.
You reflexively headbutt those who attack you in melee.


Message History

You bump into the rock wall.
You feel as though your hastened speed will last longer.
You are too injured to fight recklessly!
You are too injured to fight recklessly!
You bump into the rock wall.
The endoplasm freezes you.
You are frozen.
* * * LOW HITPOINT WARNING * * *
You bump into the rock wall.
You feel less confused.
You sock the endoplasm!
You kill the endoplasm!
A kobold comes into view.
It is wielding a +0 club and quivering poisoned darts.
The kobold shouts!
You hit the goblin.
The goblin is severely wounded.
The goblin barely misses you.
The orc wizard gestures wildly while chanting.
The orc wizard flickers and vanishes!
You closely miss the goblin.
The goblin is severely wounded.
The goblin hits you with a +0 club.
* * * LOW HITPOINT WARNING * * *
The orc priest miscasts a cantrip.
You barely miss the goblin. Your headbutt misses the goblin.
The goblin is severely wounded.
The goblin closely misses you. You furiously retaliate!
You headbutt the goblin.
You kill the goblin!
The kobold throws a poisoned dart.
The poisoned dart hits you!
You are poisoned.
The orc priest casts a cantrip, but nothing happens.
You feel very mighty all of a sudden.
* * * LOW HITPOINT WARNING * * *
You feel sick.
The kobold throws a poisoned dart.
The poisoned dart barely misses you.
The orc priest calls down the wrath of Beogh upon you.
Beogh smites you!
You die...
Your body rises from the dead as a mindless zombie.

###.......# ....:#
####.##### #...# ##.##.#
#..##
##...#.#########...####.
........o.......o.....'.
##...###########...####
##..# #.....K..## ##.#
#.#####)## #.# #@# #.#
###.# #.# #...# #.#
#.#.# ####### #.#.#
####.....#####...####
...#.....#...##.....#
.⌠....>....⌠....###.#
...#.....#...####
#.#######.


You could see an orc priest and a kobold.

Vanquished Creatures
  A scorpion (D:4)
  An orc priest (D:4)
  2 iguanas (D:4)
  An orc wizard (D:4)
  A gnoll (D:1)
  5 adders
  3 worms
  4 dart slugs
  13 orcs
  4 ball pythons
  4 endoplasms
  A giant cockroach (D:1)
  6 hobgoblins
  4 jackals
  6 kobolds
  3 quokkas
  8 bats
  6 frilled lizards
  10 goblins
  7 rats
90 creatures vanquished.

Vanquished Creatures (others)
  A jackal zombie (D:4)
1 creature vanquished.

Grand Total: 91 creatures vanquished

Notes
Turn   | Place    | Note
-------+----------+-------------------------------------------
     0 | D:1      | Ghostmaker01 the Minotaur Fighter began the quest for the
                  | Orb.
     0 | D:1      | Reached XP level 1. HP: 19/19 MP: 0/0
    96 | D:1      | Reached skill level 4 in Armour
   107 | D:1      | Reached XP level 2. HP: 26/27 MP: 1/1
   330 | D:1      | Found a faded altar of an unknown god.
   334 | D:1      | Reached XP level 3. HP: 33/33 MP: 2/2
  1320 | D:2      | Reached XP level 4. HP: 37/40 MP: 3/3
  1409 | D:2      | Reached skill level 1 in Dodging
  2036 | D:3      | Reached XP level 5. HP: 34/46 MP: 4/4
  2040 | D:3      | Reached skill level 5 in Armour
  2347 | D:4      | Reached skill level 1 in Maces & Flails
  2431 | D:4      | Found a basalt altar of Yredelemnul.
  2432 | D:4      | Found a hide-covered altar of Uskayaw.
  2433 | D:4      | Found an ancient bone altar of Kikubaaqudgha.
  2433 | D:4      | Found a white marble altar of Elyvilon.
  2444 | D:4      | Reached XP level 6. HP: 26/53 MP: 5/5
  2446 | D:4      | Found a hazy altar of Hepliaklqana.
  2446 | D:4      | Found a glowing golden altar of the Shining One.
  2637 | D:4      | Became a worshipper of Yredelemnul the Dark
  2735 | D:4      | Found a staircase to the Ecumenical Temple.
  2781 | Temple   | Entered the Ecumenical Temple
  3038 | D:4      | Killed from afar by an orc priest

Illustrated notes

Levels and vault maps discovered:
D:1:      dpeg_arrival_renting, layout_rooms,
          hellmonk_ecumenical_altar_prayer_group
D:2:      layout_loops_ring, wander_ebering_terrifying_dragon_lair
D:3:      layout_rooms
D:4:      layout_loops_corners, grunt_temple_overflow_open,
          minmay_temple_entry_antechambers, amcnicky_mini_corridor_feature,
          minmay_between
Temple:   compressed_dpeg_circular_temple

Skill      XL: |  1  2  3  4  5 |
---------------+----------------+-----
Armour         | 4 5 |  5.5
Shields        | 4 |  4.8
Fighting       | 4 |  4.4
Axes           | 3 |  3.9
Dodging        | 1 |  1.1
Maces & Flails | 2 |  2.8
Throwing       | |  0.7

Action                     |  1- 3 |  4- 6 || total
---------------------------+-------+-------++-------
  Melee: War axe           |    92 |    47 ||   139
         Headbutt          |     9 |    12 ||    21
         Mace              |       |    45 ||    45
  Throw: Javelin           |       |    10 ||    10
    Use: Potion            |       |     4 ||     4
 Armour: Scale mail        |    28 |       ||    28
         Plate armour      |    38 |   106 ||   144
  Dodge: Dodged            |    43 |    37 ||    80
  Block: Buckler           |    25 |    27 ||    52

Table legend: (Time is in decaauts)
 A = Elapsed time spent in this place.
 B = Non-inter-level travel time spent in this place.
 C = Inter-level travel time spent in this place.
 D = Time resting spent in this place.
 E = Time spent auto-exploring this place.
 F = Levels seen in this place.
 G = Mean time per level.
                   A        B        C        D        E       F      G
               +--------+--------+--------+--------+--------+-----+--------+
         Total |   3125 |   2779 |    346 |     59 |   2048 |   5 |  625.0 |
       Dungeon |   2989 |   2708 |    281 |     59 |   1992 |   4 |  747.2 |
        Temple |    135 |     70 |     65 |      0 |     56 |   1 |  135.0 |
               +--------+--------+--------+--------+--------+-----+--------+

Top non-repeatable levels by time:
     D:2: 909 daAuts
     D:1: 835 daAuts
     D:3: 626 daAuts
     D:4: 617 daAuts
  Temple: 135 daAuts
